AoeStats
← joseph.fragonard

Socotra

504288878Analyzed
4v4 RM · 27d ago on Sep 4, 2026· 29m 31s· 8 players
Game mode
Random Map
Map size
148×148
Population
200
Speed
Normal
Resources
Standard
Victory
Conquest
Starting age
Dark Age
Ending age
Imperial Age
RankedLock teamsTeams togetherTeam positionsShared explorationLock speedFull tech treeHidden civsTurbo modeCheats
Victory
Defeat
🇬🇧 Khmer · United Kingdom
1246
+12
🇬🇧 Goths · United Kingdom
1239
+12
1207
+15
🇫🇷 Wu · France
1205
+14
🇩🇪 Spanish · Germany
1174
-13
🇫🇷 Britons · France
1172
-14
🇹🇷 Vikings · Türkiye
1153
-13
🇹🇷 Persians · Türkiye
1148
-13
dexter
7:22 Loom
10:01 Feudal Age
10:46 Double-Bit Axe
15:26 Scale Barding Armor
17:00 Horse Collar
joseph.fragonard
3:24 Loom
12:15 Feudal Age
13:09 Town Watch
13:14 Double-Bit Axe
23:51 Castle Age
23:37 Fletching
25:58 Bodkin Arrow
MiRaCLe V
5:17 Loom
Danutzi
5:21 Loom
12:13 Feudal Age
12:52 Double-Bit Axe
13:08 Man-at-Arms
15:03 Scale Mail Armor
15:06 Horse Collar
15:48 Forging
DizzyLeChuck
0:33 Loom
11:30 Feudal Age
13:28 Man-at-Arms
14:10 Double-Bit Axe
15:24 Horse Collar
25:34 Castle Age
25:08 Scale Mail Armor
25:19 Forging
27:06 Squires
28:38 Chain Mail Armor
27:53 Long Swordsman
AoR | StubbyTheAngryBeaver
6:37 Loom
9:50 Feudal Age
13:42 Scale Barding Armor
14:24 Forging
16:23 Double-Bit Axe
23:12 Castle Age
22:54 Bloodlines
23:21 Light Cavalry
24:26 Chain Barding Armor
AirForceOne
11:41 Feudal Age
11:59 Man-at-Arms
12:28 Double-Bit Axe
14:31 Forging
16:30 Loom
18:05 Scale Mail Armor
22:25 Castle Age
21:30 Gold Mining
21:32 Arson
22:44 Stone Mining
28:32 Squires
boom n type gg noob team
8:00 Loom
10:09 Feudal Age
10:56 Double-Bit Axe
10:53 Horse Collar
16:27 Fletching
19:43 Wheelbarrow
25:46 Castle Age
25:53 Gold Mining
26:49 Hand Cart
27:16 Gold Shaft Mining
Connection lost

Rejoining the realm…

Still unreachable

The connection could not be restored.

Session expired

The server has moved on; the page needs a fresh start.